 Dungeon Sprint DCSS version 0.29-a0-284-gf9362112df (webtiles) character file.

Game seed: 1050130042808825171

295488 mhtbhm the Minotaur Porcupine (level 18, -46/154 (160) HPs)
             Began as a Minotaur Berserker on Mar 26, 2022.
             Was the Champion of Trog.
             Killed from afar by an ancient lich (69 damage)
             ... with a crystal spear
             ... in the Dungeon (Sprint IX: "|||||||||||||||||||||||||||||").
             The game lasted 00:23:13 (14928 turns).

mhtbhm the Minotaur Porcupine (Minotaur Berserker) Turns: 14928, Time: 00:23:13

HP:   -46/154 (160) AC: 27    Str: 26      XL:     18   Next: 56%
MP:   22/22         EV: 30    Int:  4      God:    Trog [******]
Gold: 1603          SH:  0    Dex: 19 (20) Spells: 17/17 levels left

rFire   + . .      SeeInvis .   w - +6 bardiche (flame)
rCold   + . .      Faith    .   (shield currently unavailable)
rNeg    . . .      Spirit   .   b - +4 swamp dragon scales
rPois   +          Reflect  .   m - +2 hat {Will+}
rElec   +          Harm     .   s - +0 cloak {Will+}
rCorr   .          Rampage  .   (no gloves)
Will    ++++.      NoTele   +   D - +1 pair of boots
Stlth   +++++++++.              (no amulet)
HPRegen 1.35/turn               B - ring of protection from cold
MPRegen 0.18/turn               O - ring "Nilocel" {rElec rPois rF+ Will- Dex+8}

@: strong-willed, on berserk cooldown, regenerating, hasted and slowed, lightly
drained, unable to read
A: horns 2, retaliatory headbutt, deterioration 1, frail 2, weak 1, inability to
read while threatened
}: 5/17 runes: decaying, serpentine, barnacled, silver, gossamer
a: Renounce Religion, Berserk, Trog's Hand, Brothers in Arms


You were in the Dungeon.
You worshipped Trog.
Trog was exalted by your worship.
You visited 1 branch You collected 1985 gold pieces.
You spent 382 gold pieces at shops.

Inventory:

Hand Weapons
 a - the +12 bardiche of Beyond {flame, Fragile rC++ rN+++ Int-4}
   (Trog gifted it to you in the Dungeon)

   It burns those it strikes, dealing additional fire damage.
   Big, fiery blades are also staple armaments of hydra-hunters.
   Int:       It affects your intelligence (-4).
   rC:        It greatly protects you from cold.
   rN:        It renders you almost immune to negative energy.
   Fragile:   It will be destroyed if unequipped.
 e - a +5 double sword of holy wrath
 k - the +9 halberd "Nunuarghe" {vorpal, *Slow rF++ Str+2 Dex+5}
   (Trog gifted it to you in the Dungeon)

   It inflicts extra damage upon your enemies.
   Str:       It affects your strength (+2).
   Dex:       It affects your dexterity (+5).
   rF:        It greatly protects you from fire.
   *Slow:     It may slow you when you take damage.
 w - a +6 bardiche of flaming (weapon)
 y - a +2 vorpal demon trident
 C - the +7 hunting sling of the Old World {venom, Str+3}
   (You found it in the Dungeon)

   Any ammunition fired from it poisons the flesh of those it strikes.
   Str:       It affects your strength (+3).
Missiles
 u - 5 curare-tipped darts (quivered)
 K - 3 javelins
 L - 4 silver javelins
Armour
 b - +4 swamp dragon scales (worn)
 m - a +2 hat of willpower (worn)
 s - a +0 cloak of willpower (worn)
 D - a +1 pair of boots (worn)
 E - a +5 tower shield
Jewellery
 A - a ring of willpower
 B - a ring of protection from cold (left hand)
 F - a +4 ring of protection
 H - a +4 ring of protection
 I - a ring of see invisible
 O - the ring "Nilocel" (right hand) {rElec rPois rF+ Will- Dex+8}
   (You found it in the Dungeon)

   [ring of poison resistance]

   Dex:       It affects your dexterity (+8).
   rF:        It protects you from fire.
   rElec:     It insulates you from electricity.
   rPois:     It protects you from poison.
   Will:      It decreases your willpower.
 Q - the ring of the Fiend {rPois rC+}
   (You found it in the Dungeon)

   [ring of poison resistance]

   rC:        It protects you from cold.
   rPois:     It protects you from poison.
Wands
 j - a wand of iceblast (9)
 M - a wand of flame (4)
Scrolls
 h - 5 scrolls of blinking
 l - a scroll of fear
 o - 5 scrolls of fog
 p - 5 scrolls of identify
 q - 5 scrolls of enchant weapon
 r - 13 scrolls of enchant armour
 v - 2 scrolls of immolation
 x - 2 scrolls of holy word
Potions
 c - 4 potions of curing
 f - 9 potions of magic
 g - 5 potions of berserk rage
 i - a potion of invisibility
 n - 3 potions of resistance
 t - 2 potions of flight
 z - a potion of attraction
 G - 6 potions of might
 J - a potion of lignification
 N - 4 potions of haste


   Skills:
 O Level 27 Fighting
 - Level 8.6(10.2) Short Blades
 - Level 9.3(11.0) Long Blades
 - Level 9.4(20.6) Axes
 - Level 9.4(12.5) Maces & Flails
 O Level 27 Polearms
 - Level 9.3(20.6) Staves
 + Level 15.6(18.3) Slings
 - Level 8.6 Bows
 - Level 8.5 Crossbows
 + Level 14.4(16.8) Throwing
 O Level 27 Armour
 O Level 27 Dodging
 O Level 27 Stealth
 + Level 16.6 Shields
 - Level 8.0 Unarmed Combat
 - Level 7.3 Invocations
 + Level 14.7 Evocations


You had 17 spell levels left.
You didn't know any spells.
Your spell library was empty.

Dungeon Overview and Level Annotations

Branches:
Dungeon (1/1)

Altars:
Cheibriados
Dithmenos
Elyvilon
Fedhas
Gozag
Hepliaklqana
Kikubaaqudgha
Makhleb
Nemelex Xobeh
Okawaru
Qazlal
Ru
Sif Muna
Trog
Uskayaw
Vehumet
Wu Jian
Xom
Yredelemnul
Zin
The Shining One
Beogh
Jiyva
Lugonu

Shops:
D ([??


Innate Abilities, Weirdness & Mutations

You have a pair of horns on your head.
You reflexively headbutt those who attack you in melee.
Your body sometimes deteriorates upon taking damage.
You are very frail. (-20% HP)
You are weak. (Str -2)
You sometimes lose the ability to read scrolls when taking damage.


Message History

You slice the orb of fire!!
You destroy the orb of fire!
Trog accepts your kill.
The electric golem blinks!
Your Evocations skill increases to level 14!
You slice something!! You burn something.
You can read scrolls again.
You hear some strange, mumbled words.
A crystal spear appears from out of thin air!
The crystal spear hits you!!!
You feel threatened and lose the ability to read scrolls!
Your body deteriorates!
You feel clumsy.
Unknown command.
You hit something but do no damage. Your headbutt misses something.
Something touches you!
You feel drained.
Unknown command.
You feel much better. Something touches you.
You feel drained.
You hear some strange, mumbled words.
A crystal spear appears from out of thin air!
The crystal spear hits you!!
Unknown command.
Unknown command.
Your skin crawls.
You feel strong-willed. Something barely misses you.
You miss something.
You hear some strange, mumbled words.
A crystal spear appears from out of thin air!
The crystal spear hits you!!
* * * LOW HITPOINT WARNING * * *
You slice something like a ripe choko!!!
You burn something! Your headbutt misses something.
You hear a roar!
Something touches you but does no damage.
A white draconian stormcaller comes into view.
It is wielding a +0 rapier.
You miss something. Your headbutt misses something.
You hear some strange, mumbled words.
A crystal spear appears from out of thin air!
The crystal spear hits you!!!
You die...

*,*,*,*,*,*,▓.▓.▓)▓.▓.▓.▓.▓.▓.
*,*,*+*,*,*,▓'▓.▓)▓.▓.▓.▓.▓.▓.
*,*,*,*,*,*,▓.▓.▓.▓.▓[▓.▓.▓†▓)
*,*,*,*,*,*,▓)▓.▓.▓.▓[▓.▓.▓.▓.
*,*,*,*,*,*,▓.▓.▓)▓.▓=▓.▓.▓.▓.
*,*,*,*,*,*,▓'▓.▓.▓.▓[▓[▓.▓)▓.
*,*,*,*,*,*,▓.▓.▓'▓.▓[▓)▓.▓)▓.
*,*,*,*,*,*,▓'▓.▓.▓.▓[▓.▓.▓.♣'
*,*,*,*,*,*,▓@▓.▓)▓.▓.▓.▓'▓.♣)
*,*,*,*,*,*,▓{▓.▓)▓.▓.▓.▓)▓.♣.
*,*,*,*,*,*,▓*▓.▓.▓.▓.▓.▓)▓.♣.
*,*,*+*,*,*,▓*▓.▓)▓.▓.▓.▓.▓.♣.
*,*,*,*,*,*,▓D▓.▓)▓.▓.▓.▓[▓.♣)
*,*,*,*,*,*,▓D▓.▓.▓.▓.▓.▓(▓.♣.
*,*,*,*,*+*,▓y▓.▓.▓.▓.▓.▓)▓.♣.
*+*,*,*,*,*,▓q▓.▓'▓.▓.▓.▓.▓.♣.
*,*,*,*,*,*,*,▓.▓)▓.▓.▓.▓.▓.♣.


You could see 2 orbs of fire, a shadow dragon (berserk), a golden dragon, a
white draconian stormcaller and a moth of wrath.

Vanquished Creatures
  An ancient lich (D)
  2 orbs of fire (D)
  Mennas (D)
  Mara (D)
  Sojobo (D)
  Boris (D)
  A Killer Klown (D)
  Xtahua (D)
  Margery (D)
  A curse toe (D)
  A golden dragon (D)
  Nikola (D)
  Jory (D)
  A bone dragon (D)
  2 electric golems (D)
  6 tentacled monstrosities (D)
  13 Orb Guardians (D)
  A quicksilver dragon (D)
  Frances (D)
  Gastronok (D)
  A sphinx (D)
  Agnes (D)
  2 tengu reavers (D)
  4 storm dragons (D)
  A draconian monk (D)
  10 shadow dragons (D)
  A draconian knight (D)
  6 nagarajas (D)
  Ilsuiw (D)
  3 fire giants (D)
  2 ghost moths (D)
  4 emperor scorpions (D)
  2 frost giants (D)
  3 draconian shifters (D)
  4 ironbound preservers (D)
  2 draconian annihilators (D)
  2 draconian stormcallers (D)
  4 very ugly things (D)
  7 stone giants (D)
  2 war gargoyles (D)
  An ironbound thunderhulk (D)
  Azrael (D)
  3 green draconians (D)
  An eleionoma (D)
  2 black draconians (D)
  A bunyip (D)
  2 spark wasps (D)
  3 purple draconians (D)
  Nessos (D)
  An entropy weaver (D)
  4 yellow draconians (D)
  2 red draconians (D)
  A dire elephant (D)
  7 ettins (D)
  4 merfolk impalers (D)
  A deep elf death mage (D)
  Snorg (D)
  3 fire dragons (D)
  10 hydras (D)
  4 merfolk javelineers (D)
  A boulder beetle (D)
  3 great orbs of eyes (D)
  A salamander tyrant (D)
  4 naga warriors (D)
  25 vault guards (D)
  3 rakshasas (D)
  7 ice dragons (D)
  A radroach (D)
  3 ogre magi (D)
  A ghost crab (D)
  3 two-headed ogres (D)
  An anaconda (D)
  A merfolk aquamancer (D)
  A centaur warrior (D)
  A satyr (D)
  Nergalle (D)
  A spriggan berserker (D)
  5 hell knights (D)
  Sonja (D)
  A sun moth (D)
  3 steelbarb worms (D)
  A naga ritualist (D)
  A wizard (D)
  9 swamp dragons (D)
  A harpy (D)
  A lindwurm (D)
  A glowing orange brain (D)
  2 phantasmal warriors (D)
  5 orc knights (D)
  3 ironbound convokers (D)
  2 deep elf pyromancers (D)
  2 manticores (D)
  A salamander (D)
  A will-o-the-wisp (D)
  A necromancer (D)
  A cyclops (D)
  2 ugly things (D)
  3 moths of wrath (D)
  2 wolf spiders (D)
  9 elephants (D)
  A guardian serpent (D)
  A water nymph (D)
  3 vault sentinels (D)
  3 naga magi (D)
  2 black mambas (D)
  2 cane toads (D)
  3 komodo dragons (D)
  A rime drake (D)
  A demonic crawler (D)
  A kobold demonologist (D)
  A tengu conjurer (D)
  A meliai (D)
  2 trolls (D)
  A wind drake (D)
  A hornet (D)
  A tarantella (shapeshifter) (D)
  A blink frog (shapeshifter) (D)
  A dream sheep (shapeshifter) (D)
  2 snapping turtles (D)
  A culicivora (D)
  2 water elementals (D)
  Eustachio (D)
  A wraith (D)
  A wyvern (D)
  A yak (D)
  Grum (D)
  A redback (shapeshifter) (D)
  5 fire elementals (D)
  6 redbacks (D)
  A steam dragon (D)
  A naga (D)
  An acid dragon (D)
  3 water moccasins (D)
  8 orc warriors (D)
  7 ogres (D)
  A boggart (D)
  3 wolves (D)
  A centaur (D)
  5 bullfrogs (D)
  A necrophage (D)
  A scorpion (D)
  A killer bee (D)
  A hound (D)
  3 orc priests (D)
  3 orc wizards (D)
  A gnoll (D)
  6 orcs (D)
  A bat (D)
  An endoplasm (D)
  A goblin (D)
  A quokka (D)
  A ball python (D)
372 creatures vanquished.

Vanquished Creatures (collateral kills)
  A tentacled monstrosity (D)
  A titan (D)
  A nagaraja (D)
  2 ironbound preservers (D)
  A vampire knight (D)
  A merfolk impaler (D)
  A great orb of eyes (D)
  2 merfolk aquamancers (D)
  A vampire mage (D)
  2 orc warriors (D)
13 creatures vanquished.

Vanquished Creatures (others)
  An Orb Guardian (D)
  An ice dragon (D)
  A vampire (D)
  A naga (D)
  4 foxfires (D)
8 creatures vanquished.

Grand Total: 393 creatures vanquished

Notes
Turn   | Place    | Note
-------+----------+-------------------------------------------
     0 | D        | mhtbhm the Minotaur Berserker began the quest for the Orb.
     0 | D        | Reached XP level 1. HP: 19/19 MP: 0/0
    10 | D        | Reached ** piety under Trog
    85 | D        | Noticed a necrophage
    85 | D        | Noticed a hound
    85 | D        | Noticed a centaur
    85 | D        | Noticed a scorpion
    91 | D        | Killed a necrophage
    92 | D        | Reached XP level 2. HP: 31/31 MP: 1/1
    92 | D        | Reached XP level 3. HP: 38/38 MP: 2/2
    92 | D        | Reached *** piety under Trog
    93 | D        | Reached XP level 4. HP: 47/47 MP: 3/3
    98 | D        | Killed a centaur
    99 | D        | Reached XP level 5. HP: 56/56 MP: 4/4
   103 | D        | Reached skill level 10 in Polearms
   103 | D        | Reached skill level 5 in Dodging
   136 | D        | Found a snail-covered altar of Cheibriados.
   136 | D        | Found a shadowy altar of Dithmenos.
   136 | D        | Found a white marble altar of Elyvilon.
   136 | D        | Found a blossoming altar of Fedhas.
   136 | D        | Found an opulent altar of Gozag.
   137 | D        | Found a hazy altar of Hepliaklqana.
   138 | D        | Found a viscous altar of Jiyva.
   139 | D        | Found an ancient bone altar of Kikubaaqudgha.
   140 | D        | Found a corrupted altar of Lugonu.
   141 | D        | Found a burning altar of Makhleb.
   142 | D        | Found a sparkling altar of Nemelex Xobeh.
   145 | D        | Found an iron altar of Okawaru.
   146 | D        | Found a stormy altar of Qazlal.
   147 | D        | Found a sacrificial altar of Ru.
   148 | D        | Found a shimmering blue altar of Sif Muna.
   149 | D        | Found a bloodstained altar of Trog.
   150 | D        | Found a hide-covered altar of Uskayaw.
   151 | D        | Found a radiant altar of Vehumet.
   152 | D        | Found an ornate altar of the Wu Jian Council.
   153 | D        | Found a shimmering altar of Xom.
   154 | D        | Found a basalt altar of Yredelemnul.
   155 | D        | Found a glowing silver altar of Zin.
   156 | D        | Found a glowing golden altar of the Shining One.
   199 | D        | Noticed a wraith
   199 | D        | Noticed a wyvern
   199 | D        | Noticed a hornet
   199 | D        | Noticed a vampire
   199 | D        | Noticed a steam dragon
   202 | D        | Reached **** piety under Trog
   203 | D        | Reached skill level 5 in Armour
   203 | D        | Reached XP level 6. HP: 64/64 MP: 5/5
   204 | D        | Killed a wraith
   205 | D        | Reached skill level 10 in Fighting
   206 | D        | Killed a wyvern
   207 | D        | Reached XP level 7. HP: 74/74 MP: 6/6
   209 | D        | Killed a hornet
   213 | D        | Killed a vampire
   217 | D        | Killed a steam dragon
   366 | D        | Noticed a troll
   366 | D        | Noticed a blink frog
   366 | D        | Noticed a kobold demonologist
   366 | D        | Noticed a cyclops
   366 | D        | Noticed a troll
   366 | D        | Noticed a green ugly thing
   369 | D        | Killed a troll
   370 | D        | Reached XP level 8. HP: 85/85 MP: 7/7
   377 | D        | Killed a blink frog
   377 | D        | Reached ***** piety under Trog
   378 | D        | Reached skill level 15 in Polearms
   382 | D        | Killed a kobold demonologist
   388 | D        | Killed a cyclops
   389 | D        | Reached XP level 9. HP: 95/95 MP: 8/8
   390 | D        | Killed a troll
   399 | D        | Killed a green ugly thing
   529 | D        | Noticed Gastronok
   545 | D        | Killed Gastronok
   545 | D        | Received a gift from Trog
   546 | D        | Reached skill level 15 in Fighting
   694 | D        | Noticed a komodo dragon
   694 | D        | Noticed a cane toad
   696 | D        | Noticed a komodo dragon
   703 | D        | Killed a komodo dragon
   704 | D        | Reached XP level 10. HP: 106/107 MP: 9/9
   704 | D        | Killed a cane toad
   716 | D        | Reached ****** piety under Trog
   717 | D        | Reached skill level 10 in Armour
   718 | D        | Received a gift from Trog
   847 | D        | Noticed an elephant
   847 | D        | Noticed a black mamba
   847 | D        | Noticed a cane toad
   859 | D        | Killed an elephant
   863 | D        | Killed a black mamba
   870 | D        | Killed a cane toad
   870 | D        | Received a gift from Trog
   880 | D        | HP: 4/111 [komodo dragon (20)]
  1186 | D        | Noticed an elephant
  1186 | D        | Noticed an elephant
  1186 | D        | Noticed an elephant
  1186 | D        | Noticed an elephant
  1186 | D        | Noticed an elephant
  1186 | D        | Noticed an elephant
  1191 | D        | Killed an elephant
  1197 | D        | Killed an elephant
  1198 | D        | Reached skill level 1 in Stealth
  1204 | D        | Killed an elephant
  1205 | D        | Reached XP level 11. HP: 104/118 MP: 10/10
  1215 | D        | Received a gift from Trog
  1377 | D        | Noticed Sonja
  1388 | D        | Killed Sonja
  1518 | D        | Received a gift from Trog
  1539 | D        | Received a gift from Trog
  1702 | D        | Noticed an orc knight
  1708 | D        | Noticed an orc knight
  1713 | D        | Noticed an orc knight
  1720 | D        | Killed an orc knight
  1724 | D        | Killed an orc knight
  1726 | D        | Received a gift from Trog
  1735 | D        | Killed an orc knight
  2022 | D        | Found Feismas's Weapon Emporium.
  2022 | D        | Noticed an ogre mage
  2022 | D        | Noticed a two-headed ogre
  2023 | D        | Noticed an ogre mage
  2030 | D        | Killed a two-headed ogre
  2031 | D        | Killed an ogre mage
  2031 | D        | Received a gift from Trog
  2032 | D        | Reached skill level 15 in Armour
  2032 | D        | Found Wenig's Antique Armour Shoppe.
  2032 | D        | Noticed an ogre mage
  2039 | D        | Killed an ogre mage
  2049 | D        | Killed an ogre mage
  2057 | D        | Found Plog's Magic Scroll Emporium.
  2186 | D        | Found Xilu's Magic Scroll Shoppe.
  2188 | D        | Noticed a two-headed ogre
  2190 | D        | Noticed a two-headed ogre
  2194 | D        | Killed a two-headed ogre
  2195 | D        | Reached XP level 12. HP: 122/134 MP: 11/11
  2200 | D        | Killed a two-headed ogre
  2200 | D        | Received a gift from Trog
  2222 | D        | Bought a scroll of enchant weapon for 97 gold pieces
  2222 | D        | Bought a scroll of immolation for 45 gold pieces
  2224 | D        | Bought a scroll of magic mapping for 38 gold pieces
  2224 | D        | Bought a scroll of holy word for 82 gold pieces
  2224 | D        | Bought a scroll of enchant armour for 82 gold pieces
  2224 | D        | Bought a scroll of immolation for 38 gold pieces
  2447 | D        | Got the +7 hunting sling of the Old World {venom, Str+3}
  2523 | D        | Noticed a centaur warrior
  2523 | D        | Noticed a six-headed hydra
  2525 | D        | Killed a centaur warrior
  2533 | D        | Killed a three-headed hydra
  2533 | D        | Received a gift from Trog
  2534 | D        | Noticed a white very ugly thing
  2542 | D        | Noticed a boulder beetle
  2546 | D        | Noticed a rakshasa
  2551 | D        | Killed a white very ugly thing
  2552 | D        | Noticed a rakshasa
  2691 | D        | Killed a boulder beetle
  2692 | D        | Noticed a stone giant
  2696 | D        | Noticed a stone giant
  2703 | D        | Killed a rakshasa
  2705 | D        | Killed a rakshasa
  2705 | D        | Received a gift from Trog
  2706 | D        | HP: 3/138 [stone giant/large rock (45)]
  2707 | D        | HP: 1/138 [stone giant/large rock (3)]
  2715 | D        | Killed a stone giant
  2905 | D        | Noticed a red very ugly thing
  2906 | D        | Noticed an ettin
  2906 | D        | Noticed an ice dragon
  2910 | D        | Killed a red very ugly thing
  2912 | D        | Killed an ettin
  2914 | D        | Killed an ice dragon
  2948 | D        | Noticed Agnes
  2950 | D        | Noticed Grum
  2957 | D        | Killed Agnes
  2959 | D        | Killed Grum
  2964 | D        | Received a gift from Trog
  3303 | D        | Reached XP level 13. HP: 126/148 MP: 12/12
  3311 | D        | Received a gift from Trog
  3679 | D        | Noticed a bunyip
  3680 | D        | Killed a bunyip
  3683 | D        | Received a gift from Trog
  3695 | D        | Reached skill level 10 in Dodging
  3707 | D        | Received a gift from Trog
  3926 | D        | Noticed a nagaraja
  3932 | D        | Reached skill level 5 in Stealth
  3945 | D        | Killed a nagaraja
  3946 | D        | Reached skill level 27 in Polearms
  3949 | D        | Identified the +9 halberd "Nunuarghe" {vorpal, *Slow rF++
                  | Str+2 Dex+5} (Trog gifted it to you in the Dungeon)
  3949 | D        | Received a gift from Trog
  4173 | D        | Identified the +2 halberd "Gameas" {vorpal, rElec rN+
                  | Stlth+} (Trog gifted it to you in the Dungeon)
  4173 | D        | Received a gift from Trog
  4329 | D        | Noticed Frances
  4344 | D        | Killed Frances
  4344 | D        | Received a gift from Trog
  4515 | D        | Noticed Eustachio
  4523 | D        | Killed Eustachio
  4530 | D        | Noticed an ettin
  4530 | D        | Noticed an ettin
  4530 | D        | Noticed a frost giant
  4530 | D        | Noticed a stone giant
  4533 | D        | Killed an ettin
  4534 | D        | Reached skill level 27 in Fighting
  4537 | D        | Noticed a stone giant
  4538 | D        | Killed a frost giant
  4539 | D        | Noticed a fire giant
  4541 | D        | Killed a stone giant
  4541 | D        | Received a gift from Trog
  4543 | D        | Killed an ettin
  4544 | D        | Reached XP level 14. HP: 168/168 MP: 13/13
  4545 | D        | Noticed a green very ugly thing
  4553 | D        | Killed a stone giant
  4557 | D        | Killed a fire giant
  4560 | D        | Killed a green very ugly thing
  4574 | D        | Noticed a vampire knight
  4589 | D        | HP: 5/168 [vampire knight/+0 broad axe (32)]
  4590 | D        | Killed a vampire knight
  4590 | D        | Received a gift from Trog
  4591 | D        | Reached skill level 10 in Stealth
  5620 | D        | Noticed a frost giant
  5634 | D        | Killed a frost giant
  5635 | D        | Reached skill level 15 in Dodging
  5812 | D        | Received a gift from Trog
  5831 | D        | Noticed an ironbound preserver
  5833 | D        | Received a gift from Trog
  5841 | D        | Noticed an ironbound preserver
  5842 | D        | Killed an ironbound preserver
  5842 | D        | Received a gift from Trog
  5844 | D        | Noticed an ironbound preserver
  5852 | D        | Killed an ironbound preserver
  5859 | D        | Killed an ironbound preserver
  5919 | D        | Received a gift from Trog
  5921 | D        | Noticed an ironbound thunderhulk
  5925 | D        | Noticed an ironbound preserver
  5931 | D        | Killed an ironbound thunderhulk
  5931 | D        | Received a gift from Trog
  5935 | D        | Killed an ironbound preserver
  6031 | D        | Noticed an ironbound preserver
  6051 | D        | Killed an ironbound preserver
  6224 | D        | Noticed Margery
  6227 | D        | Received a gift from Trog
  6236 | D        | Killed Margery
  6240 | D        | Received a gift from Trog
  6247 | D        | Received a gift from Trog
  6254 | D        | Reached XP level 15. HP: 159/174 MP: 14/14
  6407 | D        | Noticed Azrael
  6408 | D        | Noticed Xtahua
  6416 | D        | Killed Azrael
  6427 | D        | Killed Xtahua
  6433 | D        | Received a gift from Trog
  6705 | D        | Noticed Mara
  6715 | D        | Killed Mara
  6752 | D        | Noticed Nessos
  6758 | D        | Noticed Boris
  6774 | D        | Killed Boris
  6775 | D        | Reached skill level 15 in Stealth
  6777 | D        | Killed Nessos
  6777 | D        | Received a gift from Trog
  7170 | D        | Noticed a tengu reaver
  7181 | D        | Killed a tengu reaver
  7182 | D        | Noticed Sojobo
  7362 | D        | Noticed a tengu reaver
  7365 | D        | Noticed Nergalle
  7378 | D        | Killed Sojobo
  7383 | D        | Killed a tengu reaver
  7384 | D        | Killed Nergalle
  7582 | D        | Noticed Ilsuiw
  7587 | D        | Received a gift from Trog
  7604 | D        | Killed Ilsuiw
  7611 | D        | Identified the +3 halberd of Infinite Pain {vorpal, Fly rN+
                  | SInv} (Trog gifted it to you in the Dungeon)
  7611 | D        | Received a gift from Trog
  7955 | D        | Got a barnacled rune of Zot
  8173 | D        | Noticed an emperor scorpion
  8173 | D        | Noticed an emperor scorpion
  8173 | D        | Noticed an emperor scorpion
  8178 | D        | Killed an emperor scorpion
  8184 | D        | Noticed an emperor scorpion
  8186 | D        | Killed an emperor scorpion
  8186 | D        | Received a gift from Trog
  8189 | D        | Killed an emperor scorpion
  8464 | D        | Killed an emperor scorpion
  8465 | D        | Received a gift from Trog
  8486 | D        | Got a gossamer rune of Zot
  8637 | D        | Received a gift from Trog
  8656 | D        | Received a gift from Trog
  8657 | D        | Reached XP level 16. HP: 183/183 MP: 15/15
  8663 | D        | Got a decaying rune of Zot
  8735 | D        | Received a gift from Trog
  8745 | D        | Received a gift from Trog
  9058 | D        | Reached skill level 27 in Dodging
  9220 | D        | Got a serpentine rune of Zot
  9352 | D        | Noticed Nikola
  9366 | D        | Killed Nikola
  9366 | D        | Received a gift from Trog
  9367 | D        | Reached skill level 27 in Armour
  9420 | D        | Noticed Snorg
  9425 | D        | Killed Snorg
  9552 | D        | Noticed Jory
  9567 | D        | Killed Jory
  9635 | D        | Received a gift from Trog
  9666 | D        | Received a gift from Trog
  9689 | D        | Received a gift from Trog
  9999 | D        | Received a gift from Trog
 10045 | D        | Identified the +12 bardiche of Beyond {flame, Fragile rC++
                  | rN+++ Int-4} (Trog gifted it to you in the Dungeon)
 10045 | D        | Received a gift from Trog
 10060 | D        | Noticed a shadow dragon
 10227 | D        | Identified the +4 flail "Xiokejyz" {vorpal, Str+2}
 10228 | D        | Noticed a shadow dragon
 10234 | D        | Received a gift from Trog
 10237 | D        | Killed a shadow dragon
 10240 | D        | Killed a shadow dragon
 10258 | D        | Received a gift from Trog
 10452 | D        | Noticed a shadow dragon
 10452 | D        | Noticed a sphinx
 10452 | D        | Noticed a shadow dragon
 10454 | D        | Noticed a shadow dragon
 10458 | D        | Killed a shadow dragon
 10460 | D        | Killed a sphinx
 10460 | D        | Noticed a shadow dragon
 10464 | D        | Received a gift from Trog
 10465 | D        | Noticed a titan
 10473 | D        | Killed a shadow dragon
 10478 | D        | Killed a shadow dragon
 10481 | D        | Killed a shadow dragon
 10482 | D        | Reached XP level 17. HP: 97/191 MP: 16/16
 10491 | D        | Killed a titan
 10493 | D        | Identified the +8 war axe of the Enemy {venom, *Rage rCorr
                  | SInv Stlth+}
 10495 | D        | Got a silver rune of Zot
 10500 | D        | Identified the +8 great sword of the Eight Thickets
                  | {protect, rPois rN+ Str+2 Dex+3}
 10874 | D        | Noticed Mennas
 10900 | D        | Killed Mennas
 10900 | D        | Received a gift from Trog
 10901 | D        | Reached skill level 27 in Stealth
 11164 | D        | Got the ring "Fiunushri" {Wiz Dex+6}
 11166 | D        | Got the ring "Nilocel" {rElec rPois rF+ Will- Dex+8}
 11168 | D        | Got the ring of Wilaclam {*Slow rC+ Str+6}
 11170 | D        | Got the ring of the Fiend {rPois rC+}
 11172 | D        | Got the ring "Talutere" {Fly EV+3 Dex-3 Slay-4 Stlth+}
 11363 | D        | Reached skill level 1 in Throwing
 11363 | D        | Reached skill level 1 in Unarmed Combat
 11363 | D        | Reached skill level 1 in Invocations
 11363 | D        | Reached skill level 1 in Evocations
 11379 | D        | Received a gift from Trog
 11593 | D        | Noticed a bone dragon
 11615 | D        | Killed a bone dragon
 11615 | D        | Identified the +3 glaive "Vuokh" {vorpal, rPois Str-4
                  | Dex+4} (Trog gifted it to you in the Dungeon)
 11615 | D        | Received a gift from Trog
 11623 | D        | Reached skill level 5 in Long Blades
 11623 | D        | Reached skill level 5 in Axes
 11623 | D        | Reached skill level 5 in Maces & Flails
 11623 | D        | Reached skill level 5 in Staves
 11639 | D        | Reached skill level 5 in Short Blades
 11639 | D        | Reached skill level 5 in Slings
 11639 | D        | Reached skill level 5 in Bows
 11639 | D        | Reached skill level 5 in Crossbows
 11639 | D        | Reached skill level 5 in Shields
 12007 | D        | Noticed a tentacled monstrosity
 12008 | D        | Received a gift from Trog
 12017 | D        | Reached skill level 5 in Unarmed Combat
 12019 | D        | Killed a tentacled monstrosity
 12020 | D        | Reached skill level 5 in Throwing
 12029 | D        | Reached skill level 5 in Invocations
 12036 | D        | Received a gift from Trog
 12185 | D        | Noticed a tentacled monstrosity
 12185 | D        | Noticed a tentacled monstrosity
 12185 | D        | Noticed a tentacled monstrosity
 12189 | D        | Killed a tentacled monstrosity
 12193 | D        | Killed a tentacled monstrosity
 12199 | D        | Killed a tentacled monstrosity
 12200 | D        | Reached skill level 5 in Evocations
 12209 | D        | Received a gift from Trog
 12361 | D        | Noticed a golden dragon
 12361 | D        | Noticed a tentacled monstrosity
 12373 | D        | Killed a golden dragon
 12376 | D        | Killed a tentacled monstrosity
 12376 | D        | Received a gift from Trog
 12402 | D        | Identified the +7 battleaxe of the New World {antimagic,
                  | rPois rN+ Will++ Stlth-} (Trog gifted it to you in the
                  | Dungeon)
 12402 | D        | Received a gift from Trog
 12586 | D        | Noticed a curse toe
 12586 | D        | Noticed a tentacled monstrosity
 12610 | D        | Killed a tentacled monstrosity
 13198 | D        | Killed a curse toe
 13419 | D        | Received a gift from Trog
 13754 | D        | Noticed an Orb Guardian
 13754 | D        | Noticed an Orb Guardian
 13754 | D        | Noticed an Orb Guardian
 13754 | D        | Noticed an Orb Guardian
 13754 | D        | Noticed an Orb Guardian
 13754 | D        | Noticed an Orb Guardian
 13758 | D        | Killed an Orb Guardian
 13759 | D        | Reached skill level 10 in Shields
 13765 | D        | Killed an Orb Guardian
 13765 | D        | Received a gift from Trog
 13766 | D        | Reached skill level 10 in Slings
 13766 | D        | Reached XP level 18. HP: 171/200 MP: 22/22
 13767 | D        | Killed an Orb Guardian
 13770 | D        | Killed an Orb Guardian
 13772 | D        | Killed an Orb Guardian
 13773 | D        | Reached skill level 10 in Throwing
 13773 | D        | Noticed an Orb Guardian
 13774 | D        | Noticed an Orb Guardian
 13784 | D        | Killed an Orb Guardian
 13789 | D        | Killed an Orb Guardian
 14009 | D        | Noticed an Orb Guardian
 14010 | D        | Noticed an Orb Guardian
 14015 | D        | Killed an Orb Guardian
 14015 | D        | Received a gift from Trog
 14018 | D        | Killed an Orb Guardian
 14020 | D        | Killed an Orb Guardian
 14021 | D        | Reached skill level 10 in Evocations
 14142 | D        | Noticed a tentacled monstrosity
 14142 | D        | Noticed a Killer Klown
 14142 | D        | Noticed an Orb Guardian
 14142 | D        | Noticed an Orb Guardian
 14143 | D        | Noticed an Orb Guardian
 14144 | D        | Killed a tentacled monstrosity
 14145 | D        | Noticed an Orb Guardian
 14154 | D        | Killed an Orb Guardian
 14159 | D        | Killed an Orb Guardian
 14166 | D        | Killed a Killer Klown
 14174 | D        | Killed an Orb Guardian
 14179 | D        | Killed an Orb Guardian
 14419 | D        | Noticed an ancient lich
 14433 | D        | Killed an ancient lich
 14434 | D        | Reached skill level 15 in Shields
 14794 | D        | Noticed an orb of fire
 14795 | D        | Gained mutation: You sometimes lose the ability to read
                  | scrolls when taking damage. [an orb of fire]
 14803 | D        | Killed an orb of fire
 14804 | D        | Reached skill level 15 in Slings
 14877 | D        | Noticed an electric golem
 14882 | D        | Killed an electric golem
 14882 | D        | Received a gift from Trog
 14890 | D        | Noticed an electric golem
 14890 | D        | Noticed an orb of fire
 14890 | D        | Noticed an electric golem
 14891 | D        | Killed an electric golem
 14892 | D        | Noticed an ancient lich
 14893 | D        | Gained mutation: Your body sometimes deteriorates upon
                  | taking damage. [an orb of fire]
 14895 | D        | Gained mutation: You are frail. (-10% HP) [an orb of fire]
 14896 | D        | Noticed an orb of fire
 14905 | D        | Noticed a golden dragon
 14913 | D        | Noticed an orb of fire
 14916 | D        | Gained mutation: You are weak. (Str -2) [an orb of fire]
 14917 | D        | Gained mutation: You are very frail. (-20% HP) [an orb of
                  | fire]
 14921 | D        | Killed an orb of fire
 14928 | D        | Killed from afar by an ancient lich

Illustrated notes

Levels and vault maps discovered:
D:        linesprint [early_d, line_temple, items_1, d_10, items_2, lair_1,
          lair_end, items_3, orc_1, orc_end, items_4, d_15, swamp_1, shoals_1,
          snake_1, spider_1, d_20, vaults_1, items_5, swamp_end, shoals_end,
          snake_end, spider_end, vaults_end, d_27, items_6, zot_1, zot_end,
          crypt_end, forest_end, elf_end, slime_end, tomb_end, abyss_end,
          pan_hell_end]

Skill      XL: |  1  2  3  4  5  6  7  8  9 10 11 12 13 14 15 16 17 18 |
---------------+-------------------------------------------------------+-----
Fighting       | 6 7 8 9 11 12 14 15 17 20 23 27 | 27.0
Polearms       | 7 9 10 12 14 16 19 21 23 25 27 | 27.0
Armour         | 3 4 5 6 7 8 9 11 16 18 19 22 26 27 | 27.0
Dodging        | 3 4 5 6 7 8 9 12 18 25 27 | 27.0
Stealth        | 1 2 3 8 14 16 26 27 | 27.0
Short Blades   | 8 |  8.6
Long Blades    | 9 |  9.3
Axes           | 9 |  9.4
Maces & Flails | 9 |  9.4
Staves         | 9 |  9.3
Slings         | 10 15 | 15.6
Bows           | 8 |  8.6
Crossbows      | 8 |  8.5
Throwing       | 9 14 | 14.4
Shields        | 10 16 | 16.6
Unarmed Combat | 8 |  8.0
Invocations    | 7 |  7.3
Evocations     | 8 14 | 14.7

Action                   |  1- 3 |  4- 6 |  7- 9 | 10-12 | 13-15 | 16-18 || total
-------------------------+-------+-------+-------+-------+-------+-------++-------
Melee: Spear             |    17 |     8 |       |       |       |       ||    25
       Headbutt          |     4 |     4 |     4 |    62 |    92 |   129 ||   295
       Punch             |     1 |       |       |       |       |       ||     1
       Halberd           |       |     6 |    61 |   214 |       |       ||   281
       Bardiche          |       |       |       |    72 |   444 |   608 ||  1124
Invok: Berserk           |     1 |     1 |     1 |     5 |    16 |    16 ||    40
       Brothers in Arms  |       |       |       |     1 |     4 |     5 ||    10
       Trog's Hand       |       |       |       |     1 |     1 |     1 ||     3
Evoke: Wand              |       |       |       |       |       |     1 ||     1
  Use: Potion            |       |       |       |     4 |     4 |     9 ||    17
       Scroll            |       |       |       |       |     1 |     6 ||     7
 Stab: Sleeping          |       |       |       |     1 |     4 |    16 ||    21
       Distracted        |       |       |       |       |     3 |     2 ||     5
Armor: Animal skin       |     2 |     2 |       |       |       |       ||     4
       Chain mail        |       |     3 |    14 |    28 |       |       ||    45
       Swamp dragon scal |       |       |       |    13 |   113 |    91 ||   217
Dodge: Dodged            |     7 |     6 |     6 |    64 |   152 |   285 ||   520

Table legend: (Time is in decaauts) A = Elapsed time spent in this place. B = Non-inter-level travel time spent in this place. C = Inter-level travel time spent in this place. D = Time resting spent in this place. E = Time spent auto-exploring this place. F = Levels seen in this place. G = Mean time per level. A B C D E F G +--------+--------+--------+--------+--------+-----+--------+ Total | 14781 | 14781 | 0 | 8313 | 3165 | 1 | 14781.0 | Dungeon | 14781 | 14781 | 0 | 8313 | 3165 | 1 | 14781.0 | +--------+--------+--------+--------+--------+-----+--------+

Top non-repeatable levels by time:
       D: 14781 daAuts
